 Dungeon Crawl Stone Soup version 0.20.1-1-g8b1a95d (webtiles) character file.

88 Lanoc the Grave Robber (level 4, -12/33 HPs)
             Began as a Demigod Necromancer on Nov 27, 2017.
             Mangled by Sigmund
             ... wielding a +0 scythe
              (13 damage)
             ... on level 3 of the Dungeon.
             The game lasted 00:08:37 (2038 turns).

Lanoc the Grave Robber (Demigod Necromancer)        Turns: 2038, Time: 00:08:38

Health: -12/33     AC:  3    Str: 11    XL:     4   Next: 9%
Magic:  8/10       EV: 12    Int: 21    God:
Gold:   84         SH:  0    Dex: 14    Spells: 3/8 levels left

rFire    . . .     SeeInvis .   n - +0 mace (venom)
rCold    + . .     Gourm    .   (no shield)
rNeg     . . .     Faith    .   a - +0 robe
rPois    .         Spirit   .   k - +0 helmet
rElec    .         Reflect  .   (no cloak)
rCorr    .         Harm     .   (no gloves)
MR       .....                  (no boots)
Stlth    ++........             (no amulet)
Regen    0.2/turn               r - ring of ice
MPRegen  0.2/turn               (no ring)

@: no status effects
A: clumsy 1, deterioration 1, fire resistance 1, high mp 1
a: no special abilities


You were on level 3 of the Dungeon.
You were not hungry.

You visited 1 branch of the dungeon, and saw 3 of its levels.

You collected 84 gold pieces.

Inventory:

Hand Weapons
 n - a +0 mace of venom (weapon)
Armour
 a - a +0 robe (worn)
 k - a +0 helmet (worn)
Jewellery
 r - a ring of ice (left hand)
Scrolls
 d - 2 scrolls of remove curse {unknown}
 h - 2 scrolls of teleportation {unknown}
 i - a scroll of fear {unknown}
 j - 3 scrolls of identify {unknown}
 q - a scroll of amnesia {unknown}
 s - a scroll of immolation {unknown}
 u - a scroll of blinking {unknown}
Potions
 m - 2 potions of agility {unknown}
 t - a potion of magic {unknown}
Books
 b - a book of Necromancy

   Spells                             Type                      Level
   a - Pain                           Necromancy                   1
   b - Animate Skeleton               Necromancy                   1
   c - Vampiric Draining              Necromancy                   3
   d - Regeneration                   Charms/Necromancy            3
   e - Animate Dead                   Necromancy                   4
   f - Control Undead                 Necromancy                   4
Comestibles
 c - 2 bread rations
 g - a royal jelly
 l - 2 meat rations
 o - 4 fruits
 p - 15 chunks of flesh


   Skills:
 + Level 0.5 Maces & Flails
 + Level 1.7 Dodging
 + Level 1.9 Stealth
 + Level 0.1 Unarmed Combat
 + Level 2.6 Spellcasting
 + Level 4.5 Necromancy


You had 3 spell levels left.
You knew the following spells:

 Your Spells              Type           Power        Failure   Level  Hunger
a - Pain                  Necr           ###.         1%          1    None
b - Animate Skeleton      Necr           N/A          1%          1    None
c - Vampiric Draining     Necr           ###.......   6%          3    ###....


Dungeon Overview and Level Annotations

Branches:
Dungeon (3/15)

Annotations:
D:3 Sigmund


Innate Abilities, Weirdness & Mutations

You have an increased reservoir of magic. (+10% MP)
You are clumsy. (Dex -2)
Your body sometimes deteriorates upon taking damage.
Your flesh is heat resistant. (rF+)


Message History

The orc hits your jackal skeleton but does no damage.
Sigmund drinks a potion.
Sigmund flickers and vanishes!
Your jackal skeleton bites the orc but does no damage.
Your jackal skeleton bites the orc.
The orc hits your jackal skeleton with a dagger.
Something hits you!
* * * LOW HITPOINT WARNING * * *
A kobold comes into view.
It was a potion of curing.
You feel better.
Your jackal skeleton barely misses the orc.
Your jackal skeleton closely misses the orc.
The orc hits your jackal skeleton with a dagger.
Your jackal skeleton is destroyed!
The orc priest mumbles some strange prayers to Beogh against you.
Beogh smites you!
* * * LOW HITPOINT WARNING * * *
It was a potion of mutation.
You feel extremely strange.
You feel clumsy.
You feel yourself wasting away.
You feel resistant to heat.
Your jackal skeleton bites the orc.
Something hits you!
You die...

...### .....# #######
####.## ....... ......#
....... ##....# .......
#....# ..o....
#....###########Z{g....
##...............)o.oK..
....).........##@o......
....)..........<......#.
................#.#.###
...###..........#.# ..
...# #........###.# ##
...# ###........(.# ...#
#.########## ...# #.#
#### #.#


You could see an orc priest, an orc wizard, 2 orcs, a hobgoblin, a kobold and a
friendly jackal skeleton.

Vanquished Creatures
  3 adders
  An ooze (D:1)
  A dart slug (D:1)
  A leopard gecko (D:1)
  An orc (D:3)
  A ball python (D:1)
  A giant cockroach (D:1)
  5 goblins
  4 hobgoblins
  10 jackals
  A quokka (D:2)
  5 bats
  2 frilled lizards (D:1)
  9 kobolds
  5 rats
50 creatures vanquished.

Vanquished Creatures (collateral kills)
  An orc (D:3)
  A rat (D:2)
2 creatures vanquished.

Grand Total: 52 creatures vanquished

Notes
Turn   | Place    | Note
-------+----------+-------------------------------------------
     0 | D:1      | Lanoc the Demigod Necromancer began the quest for the Orb.
     0 | D:1      | Reached XP level 1. HP: 14/14 MP: 5/5
     6 | D:1      | Learned a level 1 spell: Animate Skeleton
    10 | D:1      | Noticed a minotaur zombie
   412 | D:1      | Reached skill level 4 in Necromancy
   414 | D:1      | Reached XP level 2. HP: 16/20 MP: 1/7
  1318 | D:2      | Reached XP level 3. HP: 24/26 MP: 5/9
  1882 | D:3      | Learned a level 3 spell: Vampiric Draining
  1974 | D:3      | Reached XP level 4. HP: 14/33 MP: 4/10
  2032 | D:3      | Noticed Sigmund
  2037 | D:3      | HP: 1/33 [orc priest/divine providence (14)]
  2038 | D:3      | Gained mutation: You are clumsy. (Dex -2) [potion of mutation]
  2038 | D:3      | Gained mutation: Your body sometimes deteriorates upon taking damage. [potion of mutation]
  2038 | D:3      | Gained mutation: Your flesh is heat resistant. (rF+) [potion of mutation]
  2038 | D:3      | Mangled by Sigmund

Skill      XL: |  1  2 |
---------------+-------+-----
Necromancy     | 4 |  4.5
Spellcasting   | 2 |  2.6
Maces & Flails | |  0.5
Dodging        | |  1.7
Stealth        | |  1.9
Unarmed Combat | |  0.1

Action                   |  1- 3 |  4- 6 || total
-------------------------+-------+-------++-------
Melee: Unarmed           |    10 |       ||    10
       Mace              |    25 |     9 ||    34
 Cast: Pain              |    64 |     2 ||    66
       Animate Skeleton  |    12 |     2 ||    14
       Vampiric Draining |     3 |       ||     3
  Use: Potion            |       |     2 ||     2
  Eat: Chunk             |     4 |       ||     4
Armor: Robe              |    13 |     1 ||    14
Dodge: Dodged            |    42 |     7 ||    49
